 Dungeon Crawl Stone Soup version 0.32-a0-900-g30fb1b0edc (webtiles) character file.

Game seed: 15405224766830255716

1 kae the Ruffian (level 1, 0/15 HPs)
             Began as a Demonspawn Shapeshifter on Apr 5, 2024.
             Slain by a giant cockroach (2 damage)
             ... on level 1 of the Dungeon.
             The game lasted 00:00:17 (65 turns).

kae the Ruffian (Demonspawn Shapeshifter)             Turns: 65, Time: 00:00:17

Health: 0/15       AC:  2    Str: 14    XL:     1   Next: 16%
Magic:  1/1        EV: 11    Int: 10    God:
Gold:   0          SH:  0    Dex: 12    Spells: 0/0 levels left

rFire   . .          .
                       - Unarmed
rCold   . . .        (no shield)
rNeg    . . .        a - +0 animal skin
rPois   .            (helmet currently unavailable)
rElec   .            (cloak currently unavailable)
rCorr   .            (gloves currently unavailable)
SInv    .            (boots currently unavailable)
Will    .....        (no amulet)
Stlth   +            (no ring)
HPRegen 0.22/turn    (no ring)
MPRegen 0.07/turn

%: no passive effects
@: beast-form
A: beast (slay +1)
a: Begin Untransformation


You were on level 1 of the Dungeon.
You were a hulking beast.
You visited 1 branch of the dungeon, and saw 1 of its levels.


   Skills:
 + Level 1.0 Fighting
 - Level 1.7 Dodging
 * Level 2.7 Unarmed Combat
 + Level 2.7 Shapeshifting


You couldn't memorise any spells.
You didn't know any spells.
Your spell library was empty.

Inventory:

Missiles
 e - 10 stones (quivered)
Armour
 a - a +0 animal skin (worn)
Talismans
 c - a beast talisman (active)
 d - a flux talisman
Scrolls
 f - a scroll of revelation {unknown}
Potions
 b - a potion of lignification {!q}

Dungeon Overview and Level Annotations

Branches:
Dungeon (1/15) Zot: 5934

Altars:

..........+ ##.
#.........###. # ..
......#...#...###
##.###....#.....###.†
....#...............
♣.###.?.#...............
♣♣......#...............
...##..B#...............
.♣....Jh###............#
♣.......###...........##
............##.......##
...........###........#
.......♣♣♣♣P♣..........#
......♣ ....####.#....
...... .P.♣## #......
...... .P♣♣ #.....
...... ♣♣ #....


You could see an endoplasm and a giant cockroach.


Message History

Lua error: /dgldir/rcfiles/crawl-git/kae.rc:525: unexpected symbol near '#' 🤖 Initializing magus.rc ...
Bad monster_list_colour key: strict_neutral Bad channel name 'pray' for runrest: 'pray:' Options error: Missing colour in message_colour setting: 'that.*feels deathly cold' Options error: Missing colour in message_colour setting: 'and you must be Full or above to equip it' Options error: Missing colour in message_colour setting: 'but rights himself reflexively soon after' Options error: Missing colour in message_colour setting: 'before it is too late' ✅ Successfully initialized magus.rc [v1.11.3] Welcome, kae the Demonspawn Shapeshifter.
They say the Orb of Zot lies within this dungeon, but they say a lot of things.
Press ? for a list of commands and other information.
Found a staircase leading out of the dungeon.
A hobgoblin comes into view.
The hobgoblin shouts!
Unknown command.
A hobgoblin is nearby!
A hobgoblin is nearby!
A hobgoblin is nearby!
You hit the hobgoblin but do no damage. You barely miss the hobgoblin.
The hobgoblin closely misses you.
You hit the hobgoblin. The hobgoblin hits you.
You hit the hobgoblin.
You kill the hobgoblin! 😕 HP[-3]
You take 3 damage, and now have 12/15 hp.
e - 3 stones You see here a hobgoblin corpse.
f - a scroll labelled ZATOD JIEDGHOAW 😎 HP[+3]
Your hp is fully restored (15).
No target in view!
No target in view!
e - 10 stones (gained 7)
An endoplasm and a giant cockroach come into view.
There are monsters nearby!
There are monsters nearby!
The endoplasm quivers.
The giant cockroach waves its antennae.
The giant cockroach bites you but does no damage.
The giant cockroach barely misses you.
You hit the giant cockroach. The giant cockroach bites you.
You hit the giant cockroach.
The giant cockroach closely misses you. 😕 HP[-1]
You take 1 damage, and now have 14/15 hp.
You closely miss the giant cockroach.
The giant cockroach bites you but does no damage.
The endoplasm freezes you.
You are frozen.
You hit the giant cockroach but do no damage.
The giant cockroach closely misses you.
The endoplasm closely misses you. 😕 HP[-1]
You take 1 damage, and now have 13/15 hp.
You hit the giant cockroach but do no damage.
The giant cockroach bites you but does no damage.
The endoplasm freezes you.
You are frozen.
You are too injured to fight recklessly! 😮 HP[-4]
You take 4 damage, and now have 9/15 hp.
MASSIVE DAMAGE!! (PAUSE)
You hit the giant cockroach. The giant cockroach barely misses you.
The endoplasm freezes you.
You are frozen.
* * * LOW HITPOINT WARNING * * *
The giant cockroach barely misses you. 😨 HP[-4]
You take 4 damage, and now have 5/15 hp.
MASSIVE DAMAGE!! (PAUSE)
You hit the giant cockroach but do no damage.
The endoplasm freezes you.
You are frozen.
* * * LOW HITPOINT WARNING * * *
The giant cockroach bites you.
You die...

Action                     || total
---------------------------++-------
  Melee: Unarmed           ||    11
 Armour: Animal skin       ||     6
  Dodge: Dodged            ||     7

Levels and vault maps discovered:
D:1:      minmay_arrival_pointy, layout_basic, serial_forest,
          infiniplex_forest_corner_1, infiniplex_forest_end_2,
          infiniplex_forest_corner_2, infiniplex_forest_end_3,
          infiniplex_forest_corner_1, hellmonk_ecumenical_altar_zigzags

Notes
Turn   | Place    | Note
-------+----------+-------------------------------------------
     0 | D:1      | kae the Demonspawn Shapeshifter began the quest for the
                  | Orb.
     0 | D:1      | Reached XP level 1. HP: 15/15 MP: 1/1
     0 | D:1      | magus.rc [v1.11.3]
    65 | D:1      | HP: 2/15 [frozen (3)]
    65 | D:1      | Slain by a giant cockroach

Vanquished Creatures
  A hobgoblin (D:1)
1 creature vanquished.

Table legend:
 A = Non-vault XP
 B = Vault XP
 C = Vault XP percentage of total XP
 D = Non-vault monster count
 E = Vault monster count
 F = Vault count percentage of total count
                 A         B        C        D         E       F
            +---------+---------+-------+---------+---------+-------
      Total |       2 |       0 |   0.0 |       1 |       0 |   0.0
            +---------+---------+-------+---------+---------+-------
        D:1 |       2 |       0 |   0.0 |       1 |       0 |   0.0
            +---------+---------+-------+---------+---------+-------

Action                     || total
---------------------------++-------
  Melee: Unarmed           ||    11
 Armour: Animal skin       ||     6
  Dodge: Dodged            ||     7

Illustrated notes

Table legend:
 A = Kills in this place as a percentage of kills in the entire game.
 B = Kills by you in this place as a percentage of kills by you in the entire game.
 C = Kills by friends in this place as a percentage of kills by friends in the entire game.
 D = Other kills in this place as a percentage of other kills in the entire game.
 E = Experience gained in this place as a percentage of experience gained in the entire game.
 F = Experience gained in this place divided by the number of levels of this place that you have seen.
                   A       B       C       D       E      F
               +-------+-------+-------+-------+-------+----------------------
         Total | 100.0 | 100.0 |   N/A |   N/A | 100.0 |   2.0
       Dungeon | 100.0 | 100.0 |   N/A |   N/A | 100.0 |   2.0
               +-------+-------+-------+-------+-------+----------------------

Table legend: (Time is in decaauts)
 A = Elapsed time spent in this place.
 B = Non-inter-level travel time spent in this place.
 C = Inter-level travel time spent in this place.
 D = Time resting spent in this place.
 E = Time spent auto-exploring this place.
 F = Levels seen in this place.
 G = Mean time per level.
                   A        B        C        D        E       F      G
               +--------+--------+--------+--------+--------+-----+--------+
         Total |     64 |     64 |      0 |      0 |     42 |   1 |   64.0 |
       Dungeon |     64 |     64 |      0 |      0 |     42 |   1 |   64.0 |
               +--------+--------+--------+--------+--------+-----+--------+

Top non-repeatable levels by time:
     D:1: 64 daAuts
